 Dungeon Crawl Stone Soup version 0.23-a0-180-ga5275e7ff7 (webtiles) character file.

567 PikkenKukken the Cutter (level 7, -2/37 HPs)
             Began as a Vine Stalker Fighter on Sept 18, 2018.
             Slain by an ice beast (8 damage)
             ... on level 5 of the Dungeon.
             The game lasted 00:04:12 (2757 turns).

PikkenKukken the Cutter (Vine Stalker Fighter)      Turns: 2757, Time: 00:04:13

Health: -2/37      AC:  6    Str: 24    XL:     7   Next: 33%
Magic:  0/8        EV:  9    Int:  8    God:
Gold:   204        SH: 10    Dex: 15    Spells: 6/6 levels left

rFire    . . .     SeeInvis .   a - +0 rapier
rCold    . . .     Gourm    .   c - +0 shield
rNeg     + . .     Faith    .   b - +0 scale mail
rPois    .         Spirit   +   (no helmet)
rElec    .         Reflect  .   (no cloak)
rCorr    .         Harm     .   (no gloves)
MR       .....                  (no boots)
Stlth    ..........             (no amulet)
HPRegen  0.52/turn              h - ring of positive energy
MPRegen  0.11/turn              o - +1 ring of slaying

@: mighty
A: fangs 2, regeneration 1, magic shield, antimagic bite, no potion heal 3, rot
immunity
a: no special abilities


You were on level 5 of the Dungeon.
You were not hungry.

You visited 1 branch of the dungeon, and saw 5 of its levels.

You collected 204 gold pieces.

Inventory:

Hand Weapons
 a - a +0 rapier (weapon)
Armour
 b - a +0 scale mail (worn)
 c - a +0 shield (worn)
Jewellery
 h - a ring of positive energy (left hand)
 l - an uncursed ring of flight
 o - a +1 ring of slaying (right hand)
Scrolls
 e - a scroll of magic mapping
 j - a scroll of teleportation
Potions
 g - 2 potions of flight
 i - a potion of lignification
 k - 2 potions of mutation {unknown}
 m - a potion of agility {unknown}
 n - 3 potions of curing
 p - a potion of brilliance {unknown}
Comestibles
 f - 5 rations
 q - 11 chunks of flesh


   Skills:
 + Level 3.9 Fighting
 * Level 4.4 Short Blades
 + Level 3.4 Armour
 + Level 2.2 Dodging
 + Level 3.8 Shields


You had 6 spell levels left.
You didn't know any spells.
Your spell library contained the following spells:

 Spells                   Type           Power        Failure   Level  Hunger
 Beastly Appendage        Tmut           #.....       99%         1    ##.....
 Magic Dart               Conj           #...         99%         1    ##.....
 Searing Ray              Conj           #.....       100%        2    ###....
 Sticks to Snakes         Tmut           #.......     100%        2    ###....
 Dazzling Spray           Conj/Hex       #.....       100%        3    ####...
 Spider Form              Tmut/Pois      #.........   100%        3    ####...
 Force Lance              Conj/Tloc      #.......     100%        4    #####..
 Fulminant Prism          Conj/Hex       #.........   100%        4    #####..
 Ice Form                 Ice/Tmut       #.......     100%        4    #####..
 Iskenderun's Mystic Bla  Conj           #.......     100%        4    #####..
 Blade Hands              Tmut           #.........   100%        5    ######.


Dungeon Overview and Level Annotations

Branches:
Dungeon (5/15)
 Temple: D:4-7

Altars:
Hepliaklqana
Nemelex Xobeh
Ru

Shops:
D:4 [

Annotations:
D:4 3 runed doors


Innate Abilities, Weirdness & Mutations

You have extremely sharp teeth.
Your natural rate of healing is unusually fast.
When hurt, damage is shared between your health and your magic reserves.
Your bite disrupts and absorbs the magic of your enemies.
Potions cannot restore your health.
You are immune to rotting.


Message History

You block the ice beast's attack.
The orc wizard hits you but does no damage.
You block the orc's attack. You block the orc wizard's attack.
The orc wizard gestures at you while chanting.
The puff of frost misses you.
You hit the ice beast.
The ice beast is lightly wounded.
The ice beast hits you. The ice beast freezes you!
* * * LOW HITPOINT WARNING * * *
You are too injured to fight recklessly!
You feel very mighty all of a sudden. You block the ice beast's attack.
Your shield prevents you from hitting the ice beast.
Your bite misses the ice beast.
The ice beast is lightly wounded.
The ice beast hits you.
* * * LOW HITPOINT WARNING * * *
The ice beast freezes you!
You die...

#....... .....# #
#.).#.# #. #..[#.#
#.##.....# #.##..#..#
#.##oo...# # #.###Y#..#
#<#.###@#..###
#.#.##.........
#......#.......
#####..#.....####
#..............
########.####.##.....>.
.........####.#
##.##..#
######........# .# ..#
#.######## .


You could see an ice beast, an orc wizard and an orc.

Vanquished Creatures
  A phantom (D:4)
  A centaur (D:5)
  2 scorpions
  A howler monkey (D:5)
  A crimson imp (D:5)
  A jelly (D:5)
  An orc priest (D:5)
  An orc wizard (D:5)
  5 adders
  An ooze (D:4)
  An adder skeleton (D:5)
  3 worms
  4 dart slugs
  5 orcs
  3 giant cockroaches
  5 goblins
  11 hobgoblins
  6 jackals
  7 kobolds
  A quokka (D:2)
  A ball python (D:2)
  8 bats
  5 frilled lizards
  A quokka zombie (D:5)
  6 rats
82 creatures vanquished.

Vanquished Creatures (others)
  4 plants (D:4)
4 creatures vanquished.

Grand Total: 86 creatures vanquished

Notes
Turn   | Place    | Note
-------+----------+-------------------------------------------
     0 | D:1      | PikkenKukken the Vine Stalker Fighter began the quest for
                  | the Orb.
     0 | D:1      | Reached XP level 1. HP: 11/11 MP: 2/2
    96 | D:1      | Reached skill level 2 in Short Blades
    96 | D:1      | Reached XP level 2. HP: 15/16 MP: 3/3
   370 | D:1      | Reached XP level 3. HP: 18/19 MP: 4/4
   852 | D:2      | Found a sacrificial altar of Ru.
   965 | D:2      | Gained mutation: Your natural rate of healing is unusually
                  | fast. [Vine Stalker growth]
   965 | D:2      | Reached XP level 4. HP: 20/24 MP: 5/5
   987 | D:2      | Found a sparkling altar of Nemelex Xobeh.
  1008 | D:2      | Reached skill level 1 in Dodging
  1653 | D:3      | Found a hazy altar of Hepliaklqana.
  1785 | D:3      | Reached skill level 3 in Short Blades
  2058 | D:4      | Reached XP level 5. HP: 23/28 MP: 6/6
  2093 | D:4      | Found a runed gate.
  2094 | D:4      | Found a runed gate.
  2183 | D:4      | Found a runed gate.
  2183 | D:4      | Noticed a big kobold
  2226 | D:4      | Found Riotos's Antique Armour Boutique.
  2391 | D:4      | Noticed a phantom
  2422 | D:4      | Killed a phantom
  2482 | D:4      | Reached XP level 6. HP: 32/32 MP: 7/7
  2588 | D:5      | Entered Level 5 of the Dungeon
  2637 | D:5      | Reached skill level 4 in Short Blades
  2657 | D:5      | Reached XP level 7. HP: 33/37 MP: 8/8
  2757 | D:5      | Slain by an ice beast

Vault maps used:
D:1:      dpeg_arrival_tiny_f
D:2:      lemuel_doored_altar, skrybe_limestone_x,
          nemelex_xobeh_ov_fountains_minmay
D:3:      overflow_temple_1_default
D:4:      serial_shops, kennysheep_mini_moat, gammafunk_ghost_nasty_kobolds
D:5:      kennysheep_little_box, first_ration, sigmund_edmund_badplayer

Skill      XL: |  1  2  3  4  5  6 |
---------------+-------------------+-----
Short Blades   | 2 3 4 |  4.4
Fighting       | 3 |  3.9
Shields        | 3 |  3.8
Dodging        | 1 2 |  2.2
Armour         | 3 |  3.4

Action                   |  1- 3 |  4- 6 |  7- 9 || total
-------------------------+-------+-------+-------++-------
Melee: Rapier            |    87 |   132 |    25 ||   244
       Bite              |    27 |    44 |     5 ||    76
  Use: Scroll            |     4 |     3 |     1 ||     8
       Potion            |       |       |     1 ||     1
  Eat: Chunk             |       |     5 |       ||     5
       Ration            |       |     1 |       ||     1
Armor: Scale mail        |    30 |    42 |    11 ||    83
Dodge: Dodged            |    18 |    37 |     8 ||    63
Block: Shield            |    37 |    40 |    15 ||    92

Table legend:
 A = Non-vault XP
 B = Vault XP
 C = Vault XP percentage of total XP
 D = Non-vault monster count
 E = Vault monster count
 F = Vault count percentage of total count
                 A         B        C        D         E       F
            +---------+---------+-------+---------+---------+-------
      Total |     810 |       0 |   0.0 |      82 |       0 |   0.0
            +---------+---------+-------+---------+---------+-------
        D:1 |      49 |       0 |   0.0 |      27 |       0 |   0.0
        D:2 |      78 |       0 |   0.0 |      22 |       0 |   0.0
        D:3 |      32 |       0 |   0.0 |       9 |       0 |   0.0
        D:4 |     222 |       0 |   0.0 |      10 |       0 |   0.0
        D:5 |     429 |       0 |   0.0 |      14 |       0 |   0.0
            +---------+---------+-------+---------+---------+-------
